 Dungeon Crawl Stone Soup version 0.15.1-3-g1b33baa (webtiles) character file.

3124 CrazyArbalest the Whirler (level 10, -7/63 HPs)
             Began as a Halfling Fighter on Oct 10, 2014.
             Was a Priest of Makhleb.
             Mangled by a wight
             ... wielding a +0 flail of distortion
              (19 damage)
             ... on Level 7 of the Dungeon.
             The game lasted 01:02:33 (9398 turns).

CrazyArbalest the Whirler (Halfling Fighter)        Turns: 9398, Time: 01:02:33

HP  -7/63        AC 10     Str 16      XL: 10   Next: 14%
MP  10/10        EV 10     Int 10      God: Makhleb [***...]
Gold 279         SH  6     Dex 18      Spells:  0 memorised,  9 levels left

rFire  . . .     SeeInvis .     b - +0 hunting sling
rCold  + . .     Clarity  .     w - +0 scale mail
rNeg   . . .     rCorr    .     v - +0 buckler
rPois  .         rRot     .     l - +2 hat
rElec  .         Spirit   .     (no cloak)
SustAb .         Warding  .     G - +0 pair of gloves
rMut   .         Stasis   .     (no boots)
Gourm  .                        u - amulet of rage
MR     .....                    D - ring of protection from cold
                                x - cursed +3 ring of intelligence

@: not resistant to hostile enchantments, extremely unstealthy
A: mutation resistance 1
a: Minor Destruction, Lesser Servant of Makhleb, Renounce Religion, Evoke
Berserk Rage


You were on level 7 of the Dungeon.
You worshipped Makhleb.
Makhleb was most pleased with you.
You were not hungry.

You visited 2 branches of the dungeon, and saw 8 of its levels.
You also visited: Ossuary.

You collected 429 gold pieces.
You spent 150 gold pieces at shops.

Inventory:

Hand weapons
 a - a cursed +0 cutlass
 b - a +0 hunting sling (weapon)
 c - a +0 dagger of electrocution
 S - the +11 flail of Circularity {crush, +Blink rF+}
   (You found it on level 6 of the Dungeon)

   It inflicts extra damage upon your enemies.
   It protects you from fire.
   It lets you blink.
 U - a +1 dagger of holy wrath
 V - a cursed +2 short sword of speed
Missiles
 q - 66 stones (quivered)
 P - 11 sling bullets
 X - 2 poisoned sling bullets
Armour
 i - a +1 shield of reflection
 l - a +2 hat (worn)
 v - a +0 buckler (worn)
 w - a +0 scale mail (worn)
 G - a +0 pair of gloves (worn)
 K - a +2 robe of cold resistance
Magical devices
 B - a wand of teleportation (7)
 I - a wand of slowing (15)
 W - a wand of frost (7)
Comestibles
 d - 10 bread rations
 j - 3 beef jerkies
 A - 4 meat rations
Scrolls
 k - 2 scrolls of recharging {unknown}
 m - 2 scrolls of fear
 n - 5 scrolls of remove curse
 o - 2 scrolls of noise {unknown}
 r - 2 scrolls of magic mapping
 s - 6 scrolls of identify
 t - a scroll of immolation {unknown}
 y - 5 scrolls of amnesia {unknown}
 E - a scroll of fog {unknown}
 O - 3 scrolls of enchant weapon {unknown}
 Y - a scroll of random uselessness {unknown}
 Z - a scroll of holy word {unknown}
Jewellery
 u - an amulet of rage (around neck)
 x - a cursed +3 ring of intelligence (left hand)
 C - a cursed ring of wizardry
 D - a ring of protection from cold (right hand)
 M - an uncursed ring of ice
 N - a cursed amulet of inaccuracy {unknown}
 T - a +2 ring of intelligence
Potions
 e - 2 potions of might
 f - 3 potions of haste {unknown}
 g - 2 potions of cancellation
 h - 2 potions of heal wounds {unknown}
 p - a potion of lignification {unknown}
 z - 5 potions of brilliance {unknown}
 F - a potion of curing {unknown}
 H - 3 potions of magic {unknown}
 J - 2 potions of resistance {unknown}
 L - a potion of poison {unknown}
 Q - a potion of invisibility {unknown}
Books
 R - a book of Dreams

   Spells                             Type                      Level
   Ensorcelled Hibernation            Hexes/Ice                    2
   Flight                             Charms/Air                   3
   Phase Shift                        Translocation                5
   Shadow Creatures                   Summoning                    5
   Mass Confusion                     Hexes                        6
   Darkness                           Hexes                        7


   Skills:
 + Level 3.4 Fighting
 + Level 4.2 Short Blades
 * Level 15.2 Slings
 + Level 4.9 Armour
 + Level 4.0 Dodging
 + Level 1.2 Stealth
 + Level 4.5 Shields
 + Level 0.2 Evocations


You had 9 spell levels left.
You didn't know any spells.

Dungeon Overview and Level Annotations

Branches:
Dungeon (7/15)             Temple (1/1) D:5

Altars:
Ashenzari
Elyvilon
Kikubaaqudgha
Makhleb
Okawaru
Qazlal
Trog
Vehumet
Xom
Zin
The Shining One

Shops:
D:4 [[?[   D:7 =


Innate Abilities, Weirdness & Mutations

You are small and have problems with some larger weapons.
You are somewhat resistant to further mutation.


Message History

The wight hits you with a flail of distortion.
* * * LOW HITPOINT WARNING * * *
Firing (i - inventory. (,) - cycle):
q - 68 stones (quivered)
Press: ? - help, Shift-Dir - straight line, f/p - wight
Aim: a wight, wielding a flail of distortion and wearing a robe (moderately damaged)
You shoot a stone. The stone hits the wight.
The wight is heavily damaged.
Firing (i - inventory. (,) - cycle):
q - 67 stones (quivered)
Press: ? - help, Shift-Dir - straight line, f/p - wight
Aim: a wight, wielding a flail of distortion and wearing a robe (heavily damaged)
You shoot a stone.
The stone hits the wight but does no damage.
The wight is heavily damaged.
The wight hits you with a flail of distortion.
* * * LOW HITPOINT WARNING * * *
Space bends around you.
* * * LOW HITPOINT WARNING * * *
You swap places.
The wight hits you but does no damage. Space warps horribly around you!
You die...

....................#....<)...#..
...........(...######..#<.<#..###
...............#...#...#...#..)#.
........##....p#....#..##>##..#..
.###.#.###.....######...###...###
## #.#.###...z......#####.#####..
# #z#.#...#.......##............
# #z#...####..z..####...........
####.#..#####.##@## #....p.#....
...........##.##.## ##.#######.##
.###...###.#...#..###..#######.##
P.##.............................
..P.................)%...........
≈......#####...##...#####........
≈......### ####...#.#####.##.....
≈≈.......### #..###...##..#######
≈≈...###...###.# ##.............


You could see 2 wights and a neutral freed slave (wandering).

Vanquished Creatures
  Pikel (D:7)
  The ghost of CrazyArbalest the Covered, an experienced HaFi (D:5)
  Eustachio (D:7)
  3 phantoms
  4 ogres
  Sigmund (D:3)
  An elf zombie (Ossuary)
  A big kobold (D:7)
  Blork the orc (D:7)
  A giant frog (D:6)
  A wyvern skeleton (D:6)
  A scorpion (D:4)
  4 wights (D:7)
  A crimson imp (D:4)
  An electric eel (D:7)
  A centaur zombie (Ossuary)
  2 jellies (D:5)
  4 hounds
  An orc priest (D:6)
  3 iguanas
  3 worker ants
  2 orc wizards (D:4)
  Ijyb (D:2)
  A big kobold skeleton (D:6)
  5 hound zombies (Ossuary)
  3 mummies (Ossuary)
  8 adders
  7 gnolls
  A giant mite (D:4)
  6 worms
  6 adder zombies
  4 giant geckos
  22 orcs
  13 bats
  5 giant cockroaches
  19 hobgoblins
  8 jackals
  14 kobolds
  2 ball pythons
  5 giant newts
  14 goblins
  3 goblin zombies (Ossuary)
  5 hobgoblin zombies (Ossuary)
  A kobold skeleton (D:4)
  2 kobold zombies (Ossuary)
  An orc zombie (Ossuary)
  5 quokkas
  3 quokka skeletons
  6 quokka zombies (Ossuary)
  12 rats
  5 rat zombies (Ossuary)
226 creatures vanquished.

Vanquished Creatures (others)
  A bat (D:7)
1 creature vanquished.

Grand Total: 227 creatures vanquished

Notes
Turn   | Place    | Note
--------------------------------------------------------------
     0 | D:1      | CrazyArbalest, the Halfling Fighter, began the quest for the Orb.
     0 | D:1      | Reached XP level 1. HP: 15/15 MP: 1/1
   181 | D:1      | Reached XP level 2. HP: 20/20 MP: 2/2
   642 | D:1      | Reached XP level 3. HP: 21/25 MP: 3/3
  1054 | D:2      | Reached XP level 4. HP: 14/30 MP: 4/4
  1356 | D:2      | Reached skill level 1 in Dodging
  1440 | D:2      | Reached skill level 4 in Armour
  1792 | D:2      | Found a stormy altar of Qazlal.
  1828 | D:2      | Reached XP level 5. HP: 32/36 MP: 5/5
  1861 | D:2      | Noticed Ijyb
  1879 | D:2      | Killed Ijyb
  2709 | D:3      | Noticed Sigmund
  3348 | D:4      | Reached XP level 6. HP: 42/42 MP: 6/6
  3406 | D:4      | Found a white marble altar of Elyvilon.
  3430 | D:4      | Noticed an ogre
  3724 | D:4      | Found Usoas' Armour Shoppe.
  3730 | D:4      | Noticed a phantom
  3787 | D:4      | Killed a phantom
  3787 | D:4      | Reached skill level 5 in Slings
  3787 | D:4      | Reached XP level 7. HP: 35/46 MP: 7/7
  4148 | D:4      | Noticed an ogre
  4228 | D:4      | Found Ofave's Armour Shoppe.
  4236 | D:4      | Noticed a phantom
  4270 | D:4      | Found Uruiha's Magic Scroll Emporium.
  4560 | D:3      | Killed Sigmund
  4560 | D:3      | Reached skill level 6 in Slings
  4944 | D:4      | Reached skill level 7 in Slings
  5083 | D:4      | Found Tways' Armour Shop.
  5212 | D:4      | Bought a scroll of identify for 20 gold pieces
  5213 | D:4      | Bought a scroll of teleportation for 30 gold pieces
  5214 | D:4      | Bought a scroll of fear for 35 gold pieces
  5214 | D:4      | Bought a scroll of magic mapping for 35 gold pieces
  5214 | D:4      | Bought a scroll of remove curse for 30 gold pieces
  5390 | D:4      | Killed an ogre
  5390 | D:4      | Reached skill level 8 in Slings
  5390 | D:4      | Reached XP level 8. HP: 52/52 MP: 8/8
  5615 | D:4      | Killed a phantom
  5615 | D:4      | Reached skill level 9 in Slings
  5663 | D:4      | Killed an ogre
  6002 | D:5      | Entered Level 5 of the Dungeon
  6061 | D:5      | Reached skill level 10 in Slings
  6141 | D:5      | Found a bloodstained altar of Trog.
  6141 | D:5      | Found a shattered altar of Ashenzari.
  6171 | D:5      | Found a staircase to the Ecumenical Temple.
  6177 | Temple   | Entered the Ecumenical Temple
  6247 | Temple   | Became a worshipper of Makhleb the Destroyer
  6341 | D:5      | Found a sand-covered staircase.
  6370 | Ossuary  | Entered an ossuary
  6536 | Ossuary  | Acquired Makhleb's first power
  6706 | Ossuary  | Reached skill level 11 in Slings
  7070 | D:5      | Noticed CrazyArbalest's ghost (experienced HaFi)
  7118 | D:5      | Killed CrazyArbalest's ghost
  7118 | D:5      | Reached skill level 12 in Slings
  7118 | D:5      | Reached XP level 9. HP: 42/57 MP: 9/9
  7641 | D:6      | Acquired Makhleb's second power
  7817 | D:6      | Found a glowing silver altar of Zin.
  7998 | D:6      | Got an ichor-stained flail
  7999 | D:6      | Identified the +11 flail of Circularity {crush, +Blink rF+} (You found it on level 6 of the Dungeon)
  8110 | D:6      | Reached skill level 13 in Slings
  8441 | D:7      | Noticed Eustachio
  8460 | D:7      | Killed Eustachio
  8461 | D:7      | Found Abanaarr's Jewellery Emporium.
  8613 | D:7      | Reached skill level 14 in Slings
  8647 | D:7      | Acquired Makhleb's third power
  8723 | D:7      | Noticed Blork the orc
  8730 | D:7      | Killed Blork the orc
  8915 | D:7      | Noticed Pikel
  9125 | D:7      | Killed Pikel
  9125 | D:7      | Reached skill level 15 in Slings
  9125 | D:7      | Reached skill level 1 in Stealth
  9125 | D:7      | Reached XP level 10. HP: 37/63 MP: 10/10
  9398 | D:7      | Mangled by a wight

Action                   |  1- 3 |  4- 6 |  7- 9 | 10-12 || total
-------------------------+-------+-------+-------+-------++-------
Melee: Cutlass           |    90 |   270 |   142 |       ||   502
 Fire: Hunting sling     |       |    96 |   775 |    39 ||   910
Evoke: Wand              |       |       |     5 |       ||     5
  Use: Potion            |       |       |     1 |       ||     1
       Scroll            |       |       |     3 |       ||     3
  Eat: Chunk             |       |     9 |    11 |     1 ||    21
       Fruit             |       |       |     4 |       ||     4
       Beef jerky        |       |       |     1 |       ||     1
